PCL
LANSING LUGNUTS @ SPOKANE TRAPPERS
09/15/2023
 
TOP OF THE 1ST
Lansing Lugnuts batting - Pitching for Spokane Trappers : LHP Adrián León
Pitching: LHP Adrián León
Batting: LHB Jeffrey Satterley 0-0: Called Strike
0-1: Swinging Strike
0-2: Ball
1-2: Ball
2-2: Foul Ball, location: 2F
2-2: Strikes out looking
Batting: RHB Jim Tracy 0-0: Called Strike
0-1: Ball
1-1: Ball
2-1: Called Strike
2-2: Foul Ball, location: 2F
2-2: Foul Ball, location: 2F
2-2: Ball
3-2: Foul Ball, location: 2F
3-2: Fly out, F9 (Line Drive, 89M)
Batting: RHB Gilberto López 0-0: SOLO HOME RUN (Flyball, 7D), Distance : 381 ft
Batting: RHB Júlio Caraballo 0-0: Ball
1-0: Swinging Strike
1-1: Ball
2-1: Called Strike
2-2: Foul Ball, location: 2F
2-2: Strikes out swinging
Top of the 1st over - 1 run(s), 1 hit(s), 0 error(s), 0 left on base; Lansing 1 - Spokane 0
BOTTOM OF THE 1ST
Spokane Trappers batting - Pitching for Lansing Lugnuts : RHP Raúl Contreras
Pitching: RHP Raúl Contreras
Batting: LHB Pete Carter 0-0: Foul Ball, location: 2F
0-1: Swinging Strike
0-2: Ball
1-2: Foul Ball, location: 2F
1-2: SINGLE (Line Drive, 4D)
Batting: RHB Hyo-sang Yu 0-0: Ball
1-0: Swinging Strike
1-1: Ball
2-1: Called Strike
2-2: Strikes out swinging
Batting: LHB Juan Cortés 0-0: Called Strike
0-1: Ball
1-1: Ball
2-1: 2-RUN HOME RUN (Flyball, 8LXD), Distance : 435 ft
Batting: RHB Ernesto Acosta 0-0: Called Strike
0-1: Called Strike
0-2: Strikes out looking
Batting: RHB Toru Nakanishi 0-0: Swinging Strike
0-1: Ball
1-1: Swinging Strike
1-2: Ball
2-2: Ball
3-2: Foul Ball, location: 2F
3-2: Strikes out swinging
Bottom of the 1st over - 2 run(s), 2 hit(s), 0 error(s), 0 left on base; Lansing 1 - Spokane 2
TOP OF THE 2ND
Lansing Lugnuts batting - Pitching for Spokane Trappers : LHP Adrián León
Batting: RHB Steve Hathaway 0-0: Ball
1-0: SINGLE (Groundball, 6)
Batting: RHB Héctor Pinto 0-0: Ball
1-0: Grounds into double play, 5-4-3 (Groundball, 5)
Batting: RHB Rafael González 0-0: Called Strike
0-1: Reached on error, E5 (Groundball, 5)
Batting: RHB Yasuoka Tanaka 0-0: Ball
1-0: Called Strike
1-1: Ball
2-1: Ball
3-1: Fly out, F8 (Flyball, 8LD)
Top of the 2nd over - 0 run(s), 1 hit(s), 1 error(s), 1 left on base; Lansing 1 - Spokane 2
BOTTOM OF THE 2ND
Spokane Trappers batting - Pitching for Lansing Lugnuts : RHP Raúl Contreras
Batting: LHB Keith Browne 0-0: Ball
1-0: Called Strike
1-1: Foul Ball, location: 2F
1-2: Foul Ball, location: 2F
1-2: Ball
2-2: Strikes out looking
Batting: RHB Guy Miller 0-0: Ball
1-0: Ball
2-0: Foul Ball, location: 2F
2-1: Ball
3-1: Foul Ball, location: 2F
3-2: Foul Ball, location: 2F
3-2: Fly out, F4 (Line Drive, 4)
Batting: RHB Carmelo Hernández 0-0: Called Strike
0-1: Foul Ball, location: 2F
0-2: Ball
1-2: Ball
2-2: Ball
3-2: Strikes out swinging
Bottom of the 2nd over - 0 run(s), 0 hit(s), 0 error(s), 0 left on base; Lansing 1 - Spokane 2
TOP OF THE 3RD
Lansing Lugnuts batting - Pitching for Spokane Trappers : LHP Adrián León
Batting: RHB Gordon Langley 0-0: Called Strike
0-1: Foul Ball, location: 2F
0-2: Ball
1-2: Strikes out swinging
Batting: LHB Jeffrey Satterley 0-0: Fly out, F8 (Flyball, 8LM)
Batting: RHB Jim Tracy 0-0: Called Strike
0-1: Ground out 4-3 (Groundball, 4)
Top of the 3rd over - 0 run(s), 0 hit(s), 0 error(s), 0 left on base; Lansing 1 - Spokane 2
BOTTOM OF THE 3RD
Spokane Trappers batting - Pitching for Lansing Lugnuts : RHP Raúl Contreras
Batting: RHB Todd Rockburn 0-0: Foul Ball, location: 2F
0-1: Ball
1-1: Ball
2-1: Foul Ball, location: 2F
2-2: Strikes out swinging
Batting: LHB Pete Carter 0-0: Called Strike
0-1: Foul Ball, location: 2F
0-2: Strikes out swinging
Batting: RHB Hyo-sang Yu 0-0: Called Strike
0-1: Called Strike
0-2: Ball
1-2: Strikes out swinging
Bottom of the 3rd over - 0 run(s), 0 hit(s), 0 error(s), 0 left on base; Lansing 1 - Spokane 2
TOP OF THE 4TH
Lansing Lugnuts batting - Pitching for Spokane Trappers : LHP Adrián León
Batting: RHB Gilberto López 0-0: Ball
1-0: Called Strike
1-1: Ball
2-1: Ball
3-1: Called Strike
3-2: SINGLE (Line Drive, 89S)
Batting: RHB Júlio Caraballo 0-0: Called Strike
0-1: Ball
1-1: Ball
2-1: Grounds into double play, 6-4-3 (Groundball, 6)
Batting: RHB Steve Hathaway 0-0: Ball
1-0: Swinging Strike
1-1: Ball
2-1: Ground out 5-3 (Groundball, 56)
Top of the 4th over - 0 run(s), 1 hit(s), 0 error(s), 0 left on base; Lansing 1 - Spokane 2
BOTTOM OF THE 4TH
Spokane Trappers batting - Pitching for Lansing Lugnuts : RHP Raúl Contreras
Batting: LHB Juan Cortés 0-0: Ball
1-0: Ball
2-0: Called Strike
2-1: Ball
3-1: Base on Balls
Batting: RHB Ernesto Acosta Pickoff Throw to First - Error! E1
Juan Cortés to second
0-0: Ball
1-0: Ball
2-0: Ball
3-0: Fly out, F8 (Flyball, 8LXD)
Runner from 2nd tags up, SAFE at 3rd, no throw
Batting: RHB Toru Nakanishi 0-0: Foul Ball, location: 2F
0-1: Foul Ball, location: 2F
0-2: Ball
1-2: Strikes out looking
Batting: LHB Keith Browne 0-0: Ball
1-0: Ball
2-0: Foul Ball, location: 2F
2-1: Swinging Strike
2-2: Strikes out swinging
Bottom of the 4th over - 0 run(s), 0 hit(s), 1 error(s), 1 left on base; Lansing 1 - Spokane 2
TOP OF THE 5TH
Lansing Lugnuts batting - Pitching for Spokane Trappers : LHP Adrián León
Batting: RHB Héctor Pinto 0-0: Ball
1-0: Foul Ball, location: 2F
1-1: Ball
2-1: Called Strike
2-2: Ball
3-2: Foul Ball, location: 2F
3-2: Foul Ball, location: 2F
3-2: Ground out U3 (Groundball, 3S)
Batting: RHB Rafael González 0-0: Ground out 6-3 (Groundball, 6)
Batting: RHB Yasuoka Tanaka 0-0: Ball
1-0: Called Strike
1-1: Fly out, F9 (Flyball, 89M)
Top of the 5th over - 0 run(s), 0 hit(s), 0 error(s), 0 left on base; Lansing 1 - Spokane 2
BOTTOM OF THE 5TH
Spokane Trappers batting - Pitching for Lansing Lugnuts : RHP Raúl Contreras
Batting: RHB Guy Miller 0-0: Ball
1-0: Called Strike
1-1: Ground out 1-3 (Groundball, 13)
Batting: RHB Carmelo Hernández 0-0: Ball
1-0: Fly out, F3 (Popup, 3)
Batting: RHB Todd Rockburn 0-0: Ball
1-0: Called Strike
1-1: Ball
2-1: Ball
3-1: Called Strike
3-2: Foul Ball, location: 2F
3-2: Foul Ball, location: 2F
3-2: Strikes out swinging
Bottom of the 5th over - 0 run(s), 0 hit(s), 0 error(s), 0 left on base; Lansing 1 - Spokane 2
TOP OF THE 6TH
Lansing Lugnuts batting - Pitching for Spokane Trappers : LHP Adrián León
Batting: RHB Gordon Langley 0-0: Swinging Strike
0-1: Swinging Strike
0-2: Strikes out swinging
Batting: LHB Jeffrey Satterley 0-0: Ball
1-0: Called Strike
1-1: Called Strike
1-2: DOUBLE (Flyball, 8RXD)
Batting: RHB Jim Tracy 0-0: Foul Ball, location: 2F
0-1: Ball
1-1: Ball
2-1: Swinging Strike
2-2: Foul Ball, location: 2F
2-2: Ball
3-2: Foul Ball, location: 2F
3-2: Base on Balls
Batting: RHB Gilberto López 0-0: Ball
1-0: Called Strike
1-1: Called Strike
1-2: Ball
2-2: Ball
3-2: Grounds into double play, 6-4-3 (Groundball, 6)
Top of the 6th over - 0 run(s), 1 hit(s), 0 error(s), 1 left on base; Lansing 1 - Spokane 2
BOTTOM OF THE 6TH
Spokane Trappers batting - Pitching for Lansing Lugnuts : RHP Raúl Contreras
Pitching: LHP Carl Lewis
Batting: LHB Pete Carter 0-0: Foul Ball, location: 2F
0-1: SINGLE (Groundball, 34D)
Batting: RHB Hyo-sang Yu 0-0: Called Strike
0-1: Grounds into double play, 6-4-3 (Groundball, 6)
Batting: LHB Juan Cortés 0-0: Called Strike
0-1: Fly out, F7 (Line Drive, 7M)
Bottom of the 6th over - 0 run(s), 1 hit(s), 0 error(s), 0 left on base; Lansing 1 - Spokane 2
TOP OF THE 7TH
Lansing Lugnuts batting - Pitching for Spokane Trappers : LHP Adrián León
Pitching: RHP Jake Jones
Batting: RHB Júlio Caraballo 0-0: Ball
1-0: Swinging Strike
1-1: Ball
2-1: Ball
3-1: Ground out 5-3 (Groundball, 5)
Batting: RHB Steve Hathaway 0-0: Foul Ball, location: 2F
0-1: Foul Ball, location: 2F
0-2: Ball
1-2: Ground out 1-3 (Groundball, 23)
Batting: RHB Héctor Pinto 0-0: Ball
1-0: Ball
2-0: Ball
3-0: Called Strike
3-1: Foul Ball, location: 2F
3-2: Base on Balls
Batting: RHB Rafael González 0-0: Called Strike
0-1: Foul Ball, location: 2F
0-2: Foul Ball, location: 2F
0-2: Ball
1-2: Foul Ball, location: 2F
1-2: Strikes out swinging
Top of the 7th over - 0 run(s), 0 hit(s), 0 error(s), 1 left on base; Lansing 1 - Spokane 2
BOTTOM OF THE 7TH
Spokane Trappers batting - Pitching for Lansing Lugnuts : LHP Carl Lewis
Batting: RHB Ernesto Acosta 0-0: Foul Ball, location: 2F
0-1: Ball
1-1: Ball
2-1: Called Strike
2-2: Strikes out swinging
Batting: RHB Toru Nakanishi 0-0: Foul Ball, location: 2F
0-1: Ball
1-1: Foul Ball, location: 2F
1-2: SINGLE (Line Drive, 8RS)
Pinch Hitting: RHB Mario Hernández 0-0: Called Strike
0-1: Ball
1-1: Ball
2-1: Foul Ball, location: 2F
2-2: Ground out 4-3 (Groundball, 4M)
Toru Nakanishi to second
Batting: RHB Guy Miller 0-0: Called Strike
0-1: Called Strike
0-2: Strikes out swinging
Bottom of the 7th over - 0 run(s), 1 hit(s), 0 error(s), 1 left on base; Lansing 1 - Spokane 2
TOP OF THE 8TH
Lansing Lugnuts batting - Pitching for Spokane Trappers : RHP Jake Jones
Pitching: LHP Júlio Hernández
Now at 3B: Mario Hernández
Batting: RHB Yasuoka Tanaka 0-0: Ball
1-0: Swinging Strike
1-1: Fly out, F9 (Popup, 34D)
Pitching: RHP José Navarro
Batting: RHB Gordon Langley 0-0: Foul Ball, location: 2F
0-1: Swinging Strike
0-2: Ball
1-2: Strikes out swinging
Pitching: LHP Miguel Martínez
Batting: LHB Jeffrey Satterley 0-0: Ball
1-0: Fly out, F8 (Flyball, 8LXD)
Top of the 8th over - 0 run(s), 0 hit(s), 0 error(s), 0 left on base; Lansing 1 - Spokane 2
BOTTOM OF THE 8TH
Spokane Trappers batting - Pitching for Lansing Lugnuts : LHP Carl Lewis
Pitching: RHP Aaron Abrams
Batting: RHB Carmelo Hernández 0-0: Ground out 6-3 (Groundball, 56)
Batting: RHB Todd Rockburn 0-0: Ball
1-0: Foul Ball, location: 2F
1-1: Foul Ball, location: 2F
1-2: Ball
2-2: Strikes out swinging
Batting: LHB Pete Carter 0-0: Ball
1-0: Swinging Strike
1-1: Called Strike
1-2: Ball
2-2: Strikes out swinging
Bottom of the 8th over - 0 run(s), 0 hit(s), 0 error(s), 0 left on base; Lansing 1 - Spokane 2
TOP OF THE 9TH
Lansing Lugnuts batting - Pitching for Spokane Trappers : LHP Miguel Martínez
Pitching: RHP José Ortíz
Batting: RHB Jim Tracy 0-0: Ball
1-0: Swinging Strike
1-1: Called Strike
1-2: Ball
2-2: Ball
3-2: Strikes out looking
Batting: RHB Gilberto López 0-0: Ball
1-0: Called Strike
1-1: Ball
2-1: SOLO HOME RUN (Line Drive, 78D), Distance : 392 ft
Batting: RHB Júlio Caraballo 0-0: Ball
1-0: Swinging Strike
1-1: Ball
2-1: Ball
3-1: Foul Ball, location: 2F
3-2: Foul Ball, location: 2F
3-2: Foul Ball, location: 2F
3-2: Fly out, F8 (Line Drive, 8RM)
Batting: RHB Steve Hathaway 0-0: Foul Ball, location: 2F
0-1: Ball
1-1: Foul Ball, location: 2F
1-2: Ball
2-2: Foul Ball, location: 2F
2-2: Foul Ball, location: 2F
2-2: SINGLE (Line Drive, 8LS)
Batting: RHB Héctor Pinto 0-0: Ball
1-0: Called Strike
1-1: Ball
2-1: Foul Ball, location: 2F
2-2: Strikes out looking
Top of the 9th over - 1 run(s), 2 hit(s), 0 error(s), 1 left on base; Lansing 2 - Spokane 2
BOTTOM OF THE 9TH
Spokane Trappers batting - Pitching for Lansing Lugnuts : RHP Aaron Abrams
Batting: RHB Hyo-sang Yu 0-0: Hit by Pitch
Batting: LHB Juan Cortés 0-0: Called Strike
0-1: Ball
1-1: Foul Ball, location: 2F
1-2: Strikes out swinging
Batting: RHB Ernesto Acosta 0-0: Ball
1-0: Foul Ball, location: 2F
1-1: Ball
2-1: SINGLE (Groundball, 4D)
Hyo-sang Yu to second
Runner from 2nd tries for 3rd, SAFE, throw made to third
Ernesto Acosta to second
Pinch Hitting: SHB António Hinojosa 0-0: Intentional Walk
Pitching: RHP Paul McKee
Batting: RHB Mario Hernández 0-0: Called Strike
0-1: Ball
1-1: Called Strike
1-2: Ball
2-2: GRAND SLAM HOME RUN (Flyball, 9LD), Distance : 359 ft
This league is powered by Out of the Park Baseball, the baseball management simulation game for PC, Mac and Linux
Wednesday, December 2nd, 2015 - OOTP Baseball 16.8 Build 38